 Dungeon Crawl Stone Soup version 0.25.1-2-g60ff931df9 (webtiles) character file.

Game seed: 13215123528346036613

3344 Joresh2 the Protected (level 9, -1/79 HPs)
             Began as a Minotaur Chaos Knight on Sept 1, 2020.
             Was a Priest of Makhleb.
             Slain by an orc knight
             ... wielding a +0 glaive
              (33 damage)
             ... in a bailey.
             The game lasted 00:44:12 (8488 turns).

Joresh2 the Protected (Minotaur Chaos Knight)       Turns: 8488, Time: 00:44:13

Health: -1/79      AC: 14    Str: 18    XL:     9   Next: 72%
Magic:  5/8        EV: 11    Int: 10    God:    Makhleb [***...]
Gold:   194        SH:  4    Dex: 11    Spells: 5/8 levels left

rFire    + . .     SeeInvis .   R - +4 halberd
rCold    + . .     Gourm    .   (shield currently unavailable)
rNeg     . . .     Faith    .   y - +0 scale mail
rPois    +         Spirit   .   (helmet restricted)
rElec    .         Reflect  .   (no cloak)
rCorr    .         Harm     .   (no gloves)
MR       .....                  L - +1 pair of boots
Stlth    +.........             C - amulet of regeneration
HPRegen  0.63/turn              E - ring of protection from fire
MPRegen  0.11/turn              n - +4 ring of protection

@: very slightly contaminated, lightly drained
A: retaliatory headbutt, horns 2, large bone plates 1, blurry vision 1, cold
resistance 1, mutation resistance 1, poison resistance, MP-powered wands
a: Minor Destruction, Lesser Servant of Makhleb, Renounce Religion


You were in a bailey.
You worshipped Makhleb.
Makhleb was most pleased with you.
You were not hungry.

You visited 1 branch of the dungeon, and saw 10 of its levels.
You also visited: Bailey.

You collected 590 gold pieces.
You spent 396 gold pieces at shops.

Inventory:

Hand Weapons
 a - a +0 spear of chaos
 g - a +2 dagger of draining
 h - a +0 spear
 l - a +0 hunting sling
 x - a +3 short sword of draining
 B - a +0 whip of venom
 D - a +2 vorpal hunting sling
 R - a +4 halberd (weapon)
 T - a +5 scimitar
Missiles
 m - 255 stones (quivered)
 A - 10 boomerangs
Armour
 b - a +2 leather armour
 k - a +0 ring mail
 y - a +0 scale mail (worn)
 L - a +1 pair of boots (worn)
Magical Staves
 s - an uncursed staff of energy
Jewellery
 i - an uncursed ring of fire
 n - a +4 ring of protection (right hand)
 u - an uncursed amulet of the acrobat
 w - an uncursed ring of positive energy
 C - an amulet of regeneration (around neck)
 E - a ring of protection from fire (left hand)
Wands
 v - a wand of iceblast (3)
 z - a wand of enslavement (9)
 J - a wand of polymorph (7)
 O - a wand of acid (11)
 S - a wand of disintegration (11)
Scrolls
 d - a scroll of amnesia {unknown}
 e - 6 scrolls of teleportation
 p - 5 scrolls of remove curse
 q - 12 scrolls of identify
 t - a scroll of fog {unknown}
 H - a scroll of enchant weapon {unknown}
 K - 2 scrolls of fear
 M - 2 scrolls of magic mapping
 N - 3 scrolls of enchant armour
Potions
 f - 3 potions of stabbing
 j - 2 potions of brilliance
 o - a potion of curing
 r - 2 potions of heal wounds
 F - a potion of flight {unknown}
 G - 2 potions of magic {unknown}
 U - 2 potions of mutation
Miscellaneous
 P - a box of beasts
Comestibles
 c - 23 rations
 Q - 11 chunks of flesh


   Skills:
 + Level 7.6(7.2) Fighting
 + Level 7.0(6.6) Short Blades
 + Level 0.5(0.1) Maces & Flails
 + Level 7.7(7.4) Polearms
 + Level 0.1(0.0) Throwing
 + Level 9.0(8.6) Armour
 + Level 4.9(4.5) Dodging
 + Level 2.7(2.3) Stealth


You had 5 spell levels left.
You knew the following spells:

 Your Spells              Type           Power        Failure   Level  Hunger
a - Freeze                Ice            #...         71%         1    ##.....
b - Corona                Hex            #......      71%         1    ##.....
c - Infusion              Chrm           #...         71%         1    ##.....

Your spell library contained the following spells:

 Spells                   Type           Power        Failure   Level  Hunger
 Animate Skeleton         Necr           N/A          71%         1    ##.....
 Apportation              Tloc           #.....       71%         1    ##.....
 Pain                     Necr           #...         71%         1    ##.....
 Sandblast                Erth           #.....       71%         1    ##.....
 Summon Small Mammal      Summ           #...         71%         1    ##.....
 Passwall                 Tmut/Erth      #.......     83%         2    ###....
 Shroud of Golubria       Chrm/Tloc      #.....       83%         2    ###....
 Song of Slaying          Chrm           #.......     83%         2    ###....
 Frozen Ramparts          Ice            #.....       97%         3    ####...
 Ozocubu's Armour         Chrm/Ice       #.......     97%         3    ####...
 Spectral Weapon          Hex/Chrm       #.......     97%         3    ####...
 Stone Arrow              Conj/Erth      #.....       97%         3    ####...
 Vampiric Draining        Necr           #.........   97%         3    ####...
 Animate Dead             Necr           N/A          100%        4    #####..
 Hailstorm                Conj/Ice       #.......     100%        4    #####..
 Petrify                  Tmut/Erth      #.......     100%        4    #####..
 Summon Ice Beast         Ice/Summ       #.......     100%        4    #####..
 Agony                    Necr           #.......     100%        5    ######.
 Lee's Rapid Deconstruct  Erth           #.........   100%        5    ######.


Dungeon Overview and Level Annotations

Branches:
Dungeon (10/15)            Temple (0/1) D:7             Orc (0/2) D:10
 Bailey (1/1)
   Lair: D:8-11

Altars:
Ashenzari
Fedhas
Gozag
Kikubaaqudgha
Makhleb
Ru
Trog
Xom
The Shining One

Shops:
D:7 ?   D:9 =

Annotations:
D:4 Eustachio
D:8 Joseph


Innate Abilities, Weirdness & Mutations

You reflexively headbutt those who attack you in melee.
You have a pair of horns on your head.
You are partially covered in large bone plates. (SH +4)
Scrolls take you a little longer to read.
Your flesh is cold resistant. (rC+)
You are somewhat resistant to further mutation.
Your system is resistant to poisons. (rPois)
You expend magic power (3 MP) to strengthen your wands.


Message History

Your scale mail prevents you from hitting the orc knight.
The orc knight is heavily wounded.
The orc knight no longer looks unusually strong.
The orc warrior no longer looks unusually strong. x2
The orc knight roars a battlecry!
The orc warriors go into a battle-frenzy!
Attack whom?
Press: ? - help, Dir - move target cursor, f/p - orc knight
Aim: an orc knight, wielding a +0 glaive and wearing a +0 scale mail (heavily wounded)
You reach to attack!
You hit the orc knight.
The orc knight is severely wounded.
You block the orc knight's attack.
The orc knight roars a battlecry!
The orc knight goes into a battle-frenzy!
Press: ? - help, Shift-Dir - straight line, f/p - orc knight
Aim: an orc knight, wielding a +0 glaive and wearing a +0 scale mail (severely wounded, strong)
The stone arrow hits the orc knight!
The orc knight is almost dead.
The orc knight hits you from afar with a +0 glaive!!
You die...

#.≈.########## #######
#.≈.##.....##....§§§. #.$$$.#
#.≈..##...'#..≈≈≈§≈§≈ ##
#.≈≈..##.##§§§≈....§≈ ##.
##.≈≈..#+#..§§.§.§... #..
#∩.≈≈..# #.§§≈ooo§⌠.. #..
#.≈≈..## #..≈§oo...≈ ##.
#.≈).## #..≈≈≈≈≈≈≈ ## #.≈)##
#@....... #
#.≈.#########'###+############
#.≈))......).##.....##...)....
#.≈≈≈≈≈≈≈≈≈≈..##.∩.##..≈≈≈≈≈≈≈
#..........≈≈..## ##..≈≈......
##########..≈≈..###..≈≈..#####
##..≈≈.....≈≈..##
##..≈≈≈≈≈≈≈..## ##.........##


You could see 2 orc knights and 3 orc warriors.

Vanquished Creatures
  An ice beast (D:8)
  4 sky beasts
  3 orc warriors
  2 ogres
  2 phantoms
  A centaur (D:6)
  A wolf (D:3)
  6 bullfrogs
  2 scorpions
  5 killer bees (D:8)
  5 wights (D:10)
  3 howler monkeys
  4 crimson imps
  A bullfrog zombie (D:9)
  4 jellies
  2 orc priests
  A bullfrog skeleton (D:4)
  2 hounds
  An orc wizard (D:10)
  5 worker ants
  Ijyb (D:3)
  Terence (D:2)
  2 iguanas
  A hound skeleton (D:8)
  A worker ant zombie (D:5)
  Robin (D:2)
  3 gnolls (D:6)
  3 adders
  A howler monkey skeleton (D:10)
  3 shadow imps
  7 oozes
  2 adder skeletons
  An adder zombie (D:7)
  2 worms
  A dart slug (D:1)
  5 leopard geckos
  30 orcs
  7 bats
  4 giant cockroaches
  17 goblins
  4 hobgoblins
  4 jackals (D:9)
  5 quokkas
  A ball python (D:3)
  3 frilled lizards
  A jackal skeleton (D:4)
  3 kobolds
  2 rats
171 creatures vanquished.

Vanquished Creatures (collateral kills)
  An orc warrior (D:6)
  A jelly (D:6)
  An adder (D:6)
  2 orcs (D:6)
  A goblin (D:2)
6 creatures vanquished.

Vanquished Creatures (others)
  An orc (D:6)
1 creature vanquished.

Grand Total: 178 creatures vanquished

Notes
Turn   | Place    | Note
-------+----------+-------------------------------------------
     0 | D:1      | Joresh2 the Minotaur Chaos Knight began the quest for the
                  | Orb.
     0 | D:1      | Reached XP level 1. HP: 19/19 MP: 0/0
   113 | D:1      | XOM: cleaving
   149 | D:1      | XOM: scenery: create altars
   172 | D:1      | Reached XP level 2. HP: 26/27 MP: 1/1
   480 | D:1      | XOM: 2-stop teleportation journey
   992 | D:2      | Noticed a crimson imp
   992 | D:2      | XOM: summons 2 friendly demons
  1021 | D:2      | Killed a crimson imp
  1021 | D:2      | Reached skill level 3 in Armour
  1021 | D:2      | Reached XP level 3. HP: 22/33 MP: 2/2
  1090 | D:2      | XOM: 2-stop teleportation journey
  1122 | D:2      | XOM: summons 3 friendly demons
  1203 | D:2      | Noticed Robin
  1219 | D:2      | Killed Robin
  1219 | D:2      | Reached XP level 4. HP: 39/41 MP: 3/3
  1447 | D:2      | XOM: god gift: club {god gift}
  1561 | D:2      | Reached skill level 5 in Polearms
  1734 | D:2      | Noticed Terence
  1737 | D:2      | XOM: enchant monster (good)
  1783 | D:2      | Killed Terence
  1837 | D:2      | XOM: give mutations
  1837 | D:2      | Gained mutation: You are resistant to hostile enchantments.
                  | (MR+) [Xom's mischief]
  1837 | D:2      | Gained mutation: Scrolls take you a little longer to read.
                  | [Xom's mischief]
  1837 | D:2      | Gained mutation: Your body sometimes deteriorates upon
                  | taking damage. [Xom's mischief]
  1963 | D:2      | XOM: silly message
  2155 | D:3      | Noticed Ijyb
  2163 | D:3      | Killed Ijyb
  2163 | D:3      | Reached XP level 5. HP: 47/47 MP: 4/4
  2177 | D:3      | Noticed Sigmund
  2177 | D:3      | Noticed Sigmund
  2177 | D:3      | Sigmund changed into Sigmund the wolf
  2177 | D:3      | XOM: polymorph Sigmund -> Sigmund the wolf
  2189 | D:3      | Killed Sigmund the wolf
  2189 | D:3      | Reached skill level 5 in Fighting
  2189 | D:3      | Reached skill level 4 in Armour
  2389 | D:3      | XOM: silly message
  2560 | D:3      | XOM: give mutation
  2560 | D:3      | Gained mutation: You are frail. (-10% HP) [Xom's mischief]
  2636 | D:3      | Lost mutation: You are frail. (-10% HP) [potion of
                  | mutation]
  2636 | D:3      | Lost mutation: You are resistant to hostile enchantments.
                  | (MR+) [potion of mutation]
  2636 | D:3      | Lost mutation: Your body sometimes deteriorates upon taking
                  | damage. [potion of mutation]
  2636 | D:3      | Gained mutation: You have a pair of large horns on your
                  | head. [potion of mutation]
  2636 | D:3      | Gained mutation: Your system is resistant to poisons.
                  | (rPois) [potion of mutation]
  2636 | D:3      | Gained mutation: Your flesh is cold resistant. (rC+)
                  | [potion of mutation]
  2636 | D:3      | Gained mutation: You are somewhat resistant to further
                  | mutation. [potion of mutation]
  2752 | D:4      | XOM: scenery: create altars
  2761 | D:4      | Reached XP level 6. HP: 53/56 MP: 5/5
  2796 | D:4      | You fall into a shaft and drop 2 floors!
  2803 | D:6      | Found a blossoming altar of Fedhas.
  2811 | D:6      | Noticed a sky beast
  2826 | D:6      | XOM: blink monster(s)
  2837 | D:6      | Killed a sky beast
  2837 | D:6      | Reached skill level 1 in Stealth
  2998 | D:6      | Noticed an orc warrior
  3000 | D:6      | XOM: cast spell 'Summon Small Mammal'
  3001 | D:6      | XOM: fake destruction
  3008 | D:6      | XOM: cast spell 'Summon Dragon'
  3010 | D:6      | Killed an orc warrior
  3325 | D:6      | Reached skill level 5 in Armour
  3325 | D:6      | Reached XP level 7. HP: 45/61 MP: 6/6
  3421 | D:6      | XOM: give mutations
  3421 | D:6      | Gained mutation: You are robust. (+10% HP) [Xom's grace]
  3421 | D:6      | Gained mutation: You are partially covered in large bone
                  | plates. (SH +4) [Xom's grace]
  3421 | D:6      | Gained mutation: You expend magic power (3 MP) to
                  | strengthen your wands. [Xom's grace]
  3424 | D:6      | XOM: polymorph gnoll -> leopard gecko
  3425 | D:6      | XOM: smoke on damage
  3495 | D:6      | XOM: summons 2 friendly demons
  3566 | D:6      | XOM: enchant monster (bad)
  3588 | D:5      | Entered Level 5 of the Dungeon
  3745 | D:5      | Found an ancient bone altar of Kikubaaqudgha.
  3745 | D:5      | Found a sacrificial altar of Ru.
  3986 | D:5      | Found a shimmering altar of Xom.
  4315 | D:5      | Found a faded altar of an unknown god.
  4315 | D:5      | Found a faded altar of an unknown god.
  4320 | D:5      | Found an opulent altar of Gozag.
  4322 | D:5      | Found a bloodstained altar of Trog.
  4323 | D:5      | Found a shattered altar of Ashenzari.
  4344 | D:5      | Fell from the grace of Xom
  4344 | D:5      | Became a worshipper of Makhleb the Destroyer
  4344 | D:5      | Reached * piety under Makhleb
  4411 | D:4      | Noticed Eustachio
  4588 | D:4      | Reached skill level 6 in Armour
  4715 | D:4      | XOM: summons 3 hostile demons
  4886 | D:6      | Reached XP level 8. HP: 14/77 MP: 7/7
  4887 | D:6      | Reached skill level 1 in Short Blades
  5472 | D:7      | Found Waixteg's Magic Scroll Shoppe.
  5548 | D:7      | Bought a scroll of fear for 42 gold pieces
  5548 | D:7      | Bought a scroll of magic mapping for 42 gold pieces
  5548 | D:7      | Bought 3 scrolls of enchant armour for 270 gold pieces
  5548 | D:7      | Bought a scroll of immolation for 42 gold pieces
  5745 | D:7      | Found a staircase to the Ecumenical Temple.
  5774 | D:7      | XOM: scenery: create altars
  5961 | D:7      | Learned a level 1 spell: Freeze
  5963 | D:7      | Learned a level 1 spell: Corona
  6150 | D:8      | Learned a level 1 spell: Infusion
  6234 | D:8      | Reached skill level 7 in Armour
  6238 | D:8      | Noticed Joseph
  6468 | D:8      | Reached ** piety under Makhleb
  6587 | D:8      | XOM: polymorph jelly -> howler monkey
  6685 | D:8      | Reached skill level 5 in Short Blades
  6685 | D:8      | Reached XP level 9. HP: 78/85 MP: 8/8
  6700 | D:8      | Reached skill level 8 in Armour
  6793 | D:8      | XOM: give mutations
  6793 | D:8      | Gained mutation: You are dopey. (Int -2) [Xom's mischief]
  6793 | D:8      | Lost mutation: You are dopey. (Int -2) [Xom's mischief]
  6793 | D:8      | Gained mutation: You occasionally shout uncontrollably at
                  | your foes. [Xom's mischief]
  7370 | D:9      | XOM: noise
  7388 | D:9      | Found Dempyil's Jewellery Emporium.
  7426 | D:9      | XOM: give mutations
  7426 | D:9      | Lost mutation: You have a pair of large horns on your head.
                  | [Xom's mischief]
  7426 | D:9      | Lost mutation: You are robust. (+10% HP) [Xom's mischief]
  7426 | D:9      | Lost mutation: You occasionally shout uncontrollably at
                  | your foes. [Xom's mischief]
  7529 | D:9      | XOM: noise
  7726 | D:9      | Found a glowing golden altar of the Shining One.
  7797 | D:9      | XOM: stat loss: -1 Dex (10/11)
  7823 | D:9      | XOM: noise
  7866 | D:10     | Entered Level 10 of the Dungeon
  7878 | D:10     | Found a flagged portal.
  8104 | D:10     | Reached *** piety under Makhleb
  8178 | Bailey   | Entered a bailey
  8356 | Bailey   | Noticed an orc knight
  8356 | Bailey   | Noticed an orc knight
  8463 | Bailey   | Reached skill level 9 in Armour
  8488 | Bailey   | Slain by an orc knight

Illustrated notes

Levels and vault maps discovered:
D:1:      lightli_arrival_maybe_door_vault, layout_basic, serial_corexii_hall,
          corexii_hall_statues_x, chequers_hall_statues_y, minivault_26
D:2:      layout_basic, uniq_robin, uniq_terence
D:3:      layout_basic, first_ration, uniq_ijyb, uniq_sigmund
D:4:      layout_rooms, minivault_27, uniq_eustachio
D:5:      layout_loops_ring, kennysheep_mini_moat,
          gammafunk_temple_overflow_wave, chequers_temple_overflow_minitemple
D:6:      layout_basic, overflow_temple_1_default, interstate_on_off
D:7:      layout_basic, minmay_temple_entry_nine_rooms, serial_shops,
          nicolae_shop_waterfront
D:8:      layout_rooms, hangedman_little_slice_of_home, minmay_misc_feat_cross,
          uniq_joseph
D:9:      layout_gridville, serial_shops, kennysheep_mini, basic_altar
D:10:     layout_gridville, erik_orc_4, enter_bailey_8
Bailey:   bailey_polearm_1, bailey

Skill      XL: |  1  2  3  4  5  6  7  8  9 |
---------------+----------------------------+-----
Fighting       | 4 5 6 7 |  7.6
Polearms       | 4 5 6 7 |  7.7
Armour         | 3 4 5 6 7 9 |  9.0
Dodging        | 2 3 4 |  4.9
Stealth        | 1 2 |  2.7
Short Blades   | 5 7 |  7.0
Maces & Flails | |  0.5
Throwing       | |  0.1

Action                   |  1- 3 |  4- 6 |  7- 9 || total
-------------------------+-------+-------+-------++-------
Melee: Spear             |    86 |   152 |    63 ||   301
       Headbutt          |     9 |    20 |    62 ||    91
       Club              |       |    24 |       ||    24
       Short sword       |       |       |   329 ||   329
       Halberd           |       |       |    47 ||    47
Throw: Dart              |       |       |     7 ||     7
       Stone             |       |       |     2 ||     2
 Cast: Corona            |       |       |     2 ||     2
Invok: Minor Destruction |       |       |     1 ||     1
  Use: Scroll            |     4 |     2 |     5 ||    11
       Potion            |       |     3 |     5 ||     8
 Stab: Paralysed         |       |     3 |     1 ||     4
  Eat: Chunk             |     1 |     6 |    14 ||    21
       Ration            |       |       |     1 ||     1
Armor: Leather armour    |    28 |    24 |       ||    52
       Scale mail        |       |    25 |   127 ||   152
       Skin              |       |       |     8 ||     8
Dodge: Dodged            |    44 |    65 |   166 ||   275
Block: Other             |       |       |    69 ||    69
